Map: Lost and Found LE

Players

Elazer - Winner!

  • Race: Zerg Zerg
  • League: Grandmaster
  • Spawn Location: 7:00

FeaR

  • Race: Protoss Protoss
  • Spawn Location: 1:00

Event: HomeStory Cup XVII

VOD

Have the link to the VOD?

Description

Time

  • Played on: June 29, 2018, 12:09 p.m.
  • Length: 8:36

All games in this series

Show
View Real Time Build Order
Export as new Build Order

Elazer Zerg - Winner!

Build Orders: Hatch First 

Get SALT Encoding   

  12  0:00  Drone  
  13  0:12  Overlord  
  13  0:16  Drone  
  14  0:31  Drone x2  
  16  0:46  Hatchery  
  15  0:50  Drone  
  15  0:54  Drone  
  18  0:57  Drone  
  18  1:07  Extractor  
  17  1:12  Spawning Pool  
  17  1:15  Drone  
  17  1:18  Drone  
  18  1:27  Drone  
  19  1:38  Drone  
  20  1:49  Overlord  
  20  1:58  Queen x2  
  20  1:59  Zergling x2  
  20  2:00  Zergling x2  
  26  2:07  Metabolic Boost  
  26  2:09  Drone  
  26  2:10  Drone  
  28  2:20  Drone  
  28  2:21  Drone  
  30  2:30  Drone  
  30  2:32  Drone  
  32  2:38  Hatchery  
  32  2:42  Queen  
  33  2:48  Overlord  
  33  2:49  Drone  
  34  2:52  Drone  
  34  2:53  Drone  
  36  3:07  Drone x3  
  36  3:08  Drone  
  36  3:10  Drone x2  
  36  3:11  Overlord  
  42  3:18  Queen  
  44  3:20  Overlord  
  44  3:29  Drone  
  44  3:30  Drone x3  
  48  3:39  Drone  
  48  3:40  Drone x3  
  52  3:46  Spore Crawler  
  51  3:48  Drone  
  51  3:50  Overlord  
  51  3:53  Spore Crawler, Drone x3  
  54  3:56  Queen  
  54  3:57  Drone x2  
  58  4:06  Lair  
  58  4:07  Overlord  
  58  4:08  Drone  
  58  4:09  Drone  
  60  4:13  Drone x2  
  60  4:14  Spore Crawler  
  61  4:17  Drone x2  
  61  4:21  Extractor x2  
  61  4:24  Roach Warren  
  61  4:26  Overlord  
  61  4:29  Drone x2  
  61  4:31  Drone x2  
  64  4:32  Drone  
  64  4:37  Drone x4  
  69  4:40  Drone x3  
  72  4:47  Evolution Chamber  
  72  4:49  Drone  
  72  4:51  Overlord, Extractor  
  72  4:52  Extractor  
  70  5:04  Roach x6  
  70  5:06  Glial Reconstitution  
  82  5:08  Overlord  
  82  5:10  Roach  
  82  5:11  Roach  
  86  5:15  Roach x2  
  90  5:21  Overlord  
  90  5:24  Zerg Missile Weapons Level 1  
  90  5:30  Drone x8  
  90  5:35  Extractor  
  97  5:36  Overlord  
  97  5:38  Hydralisk Den  
  97  5:39  Roach  
  97  5:40  Roach x4  
  97  5:42  Roach  
  101  5:52  Roach  
  101  5:54  Roach x3  
  101  5:55  Zergling x10  
  111  5:58  Spine Crawler  
  111  6:01  Spine Crawler  
  111  6:02  Roach  
  111  6:03  Roach  
  101  6:07  Roach  
  101  6:10  Roach  
  91  6:15  Roach x4  
  94  6:21  Roach x2  
  91  6:27  Roach  
  91  6:30  Roach  
  88  6:33  Roach  
  88  6:39  Roach x3  
  86  6:47  Roach  
  86  6:51  Roach x3  
  86  6:53  Queen  
  94  6:59  Roach  
  96  7:01  Roach  
  96  7:02  Queen  
  96  7:05  Queen  
  102  7:11  Roach x2  
  106  7:16  Roach  
  106  7:18  Drone x3  
  106  7:19  Drone x2  
  113  7:25  Overlord  
  113  7:27  Overlord x2  
  113  7:33  Overlord  
  113  7:44  Roach x3  
  119  7:50  Roach  
  119  7:51  Roach  
  118  7:52  Queen x2  
  118  7:53  Queen  
  118  7:56  Roach  
  113  8:01  Roach  
  105  8:06  Roach  
  105  8:08  Roach  
  105  8:09  Roach x2  
  103  8:13  Roach x2  
Show
View Real Time Build Order
Export as new Build Order

FeaR Protoss 

Build Orders: 1 Gate Expand, Phoenix Opening 

Get SALT Encoding   

  12  0:00  Probe  
  13  0:12  Probe  
  14  0:19  Pylon  
  14  0:24  Probe  
  15  0:34  Probe  
  15  0:38  Gateway  
  15  0:42  Probe  
  16  0:47  Assimilator  
  17  0:51  Probe  
  18  1:03  Probe  
  19  1:15  Probe  
  20  1:25  Nexus  
  20  1:35  Cybernetics Core  
  20  1:38  Probe  
  21  1:45  Assimilator  
  21  1:51  Probe  
  22  1:54  Pylon  
  22  2:03  Probe  
  23  2:12  Adept  
  23  2:15  Probe  
  26  2:16  Stargate  
  26  2:24  Warp Gate  
  26  2:27  Probe  
  27  2:33  Probe  
  28  2:39  Probe  
  28  2:41  Probe  
  29  2:51  Phoenix, Probe x2  
  32  3:03  Probe x2  
  36  3:15  Assimilator, Probe x2  
  36  3:17  Assimilator  
  41  3:27  Probe x2  
  41  3:30  Robotics Facility  
  43  3:38  Twilight Council  
  43  3:39  Probe  
  41  3:50  Gateway  
  41  3:55  Charge, Pylon  
  41  4:04  Gateway  
  41  4:05  Gateway  
  41  4:07  Gateway  
  41  4:08  Warp Prism  
  41  4:10  Gateway  
  41  4:20  Gateway  
  41  4:22  Pylon  
  43  4:24  Gateway  
  43  4:26  Gateway  
  43  4:30  Zealot  
  45  4:46  Nexus  
  45  4:48  Pylon  
  45  5:04  Zealot x5  
  45  5:05  Zealot  
  57  5:11  Pylon  
  57  5:13  Pylon  
  57  5:22  Zealot x3  
  57  5:24  Zealot x2  
  57  5:26  Zealot  
  69  5:29  Zealot  
  69  5:30  Zealot x2  
  75  5:38  Pylon  
  75  5:46  Zealot x5  
  75  5:47  Probe  
  78  5:59  Zealot x4  
  78  6:10  Zealot x3  
  78  6:11  Zealot x2  
  74  6:24  Zealot x4  
  60  6:40  Zealot x5  
  54  7:03  Zealot x8  
  54  7:05  Zealot  
  72  7:31  Stalker  
  72  7:32  Stalker  
  72  7:33  Zealot x6  
  72  7:35  Zealot  
  49  8:00  Zealot x6  
  31  8:12  Sentry  
Tags
 
Add a new tag
Caveats
  • Supply blocks, unpowered buildings, or Contaminate may cause inaccurate times.
  • Supply counts are checked every 10 seconds.